 Seeded DCSS version 0.30-a0-121-gb27577e5d9 (webtiles) character file.

Game seed: 12025096083975197726 (custom seed)

2303 purpskrrrp the Chopper (level 8, -5/63 (69) HPs)
             Began as a Demigod Fighter on Sept 14, 2022.
             Slain by an ogre
             ... wielding a +0 giant club
              (23 damage)
             ... on level 7 of the Dungeon on Sept 15, 2022.
             The game lasted 00:14:54 (8797 turns).

purpskrrrp the Chopper (Demigod Fighter)            Turns: 8797, Time: 00:14:55

HP:   -5/63 (69)    AC:  9    Str: 37    XL:     8   Next: 97%
MP:   10/10         EV: 12    Int: 10    God:
Gold: 293           SH:  5    Dex: 13    Spells: 7/7 levels left

rFire   + . .      SeeInvis .    a - +0 war axe
rCold   . . .      Faith    .    c - +0 buckler
rNeg    . . .      Spirit   .    s - +3 leather armour {rF+}
rPois   .          Reflect  .    (no helmet)
rElec   .          Harm     .    i - +0 cloak
rCorr   .          Rampage  .    (no gloves)
Will    .....                    g - +0 pair of boots
Stlth   +.........               (no amulet)
HPRegen 0.20/turn                e - +6 ring of strength
MPRegen 0.12/turn                f - +6 ring of strength

@: studying Evocations, drained
A: high MP 1, forlorn, divine attributes
a: no special abilities


You were on level 7 of the Dungeon.
You visited 1 branch of the dungeon, and saw 7 of its levels.

You collected 293 gold pieces.

Inventory:

Hand Weapons
 a - a +0 war axe (weapon)
 m - a +5 whip
 u - a +1 flail of holy wrath
Missiles
 h - 3 silver boomerangs (quivered)
 o - 5 boomerangs of dispersal
Armour
 b - a +0 scale mail
 c - a +0 buckler (worn)
 g - a +0 pair of boots (worn)
 i - a +0 cloak (worn)
 s - a +3 leather armour of fire resistance (worn)
Jewellery
 e - a +6 ring of strength (left hand)
 f - a +6 ring of strength (right hand)
 k - a ring of poison resistance
Wands
 l - a wand of mindburst (17)
 p - a wand of flame (29)
 v - a wand of digging (3)
Scrolls
 j - 4 scrolls of enchant armour
 n - 3 scrolls of teleportation
 x - 2 scrolls of amnesia {unknown}
Potions
 q - 2 potions of invisibility
 r - a potion of flight
 t - a potion of degeneration


   Skills:
 + Level 5.4 Fighting
 * Level 7.0 Axes
 + Level 5.4 Armour
 + Level 3.2 Dodging
 + Level 5.4 Shields


You had 7 spell levels left.
You didn't know any spells.
Your spell library contained the following spells:

 Spells                   Type           Power      Damage    Failure   Level
 Magic Dart               Conj           0%         1d3       47%         1
 Cigotuvi's Dreadful Rot  Necr/Pois/Air  0%         N/A       63%         2
 Poisonous Vapours        Pois/Air       0%         N/A       63%         2
 Searing Ray              Conj           0%         2d4       63%         2
 Portal Projectile        Hex/Tloc       0%         N/A       85%         3
 Stone Arrow              Conj/Erth      0%         3d7       85%         3
 Teleport Other           Tloc           0%         N/A       85%         3
 Fulminant Prism          Conj/Hex       0%         3d6       99%         4
 Manifold Assault         Tloc           0%         N/A       99%         4


Dungeon Overview and Level Annotations

Branches:
Dungeon (7/15)
 Temple: D:4-7

Shops:
D:3 [


Innate Abilities, Weirdness & Mutations

You have an increased reservoir of magic. (+10% MP)
You shall have no god before yourself.
Your divine heritage dramatically boosts your attributes as you level up.


Message History

a +2 scimitar; a +0 robe
Things that are here:
a +2 scimitar; a +0 robe
Things that are here:
a +4 spear; a +0 robe
Things that are here:
a +0 spear; a +0 robe
Things that are here:
a +0 spear; a +0 robe
Things that are here:
a +4 spear; a +0 robe Done exploring.
Done exploring.
There is a stone staircase leading down here.
You climb downwards.
Found two ring mails.
There is a stone staircase leading up here.
Found a war axe.
You slash the ogre!
The ogre is moderately wounded.
The ogre hits you with a +0 giant club!
You slash the ogre!
The ogre is heavily wounded.
You hit the ogre but do no damage.
The ogre is heavily wounded.
The ogre hits you with a +0 giant club!
You hit the ogre.
The ogre is heavily wounded.
The ogre hits you with a +0 giant club!
You hit the ogre.
The ogre is severely wounded.
The ogre hits you with a +0 giant club!!
* * * LOW HITPOINT WARNING * * *
Unknown command.
Okay, then.
Okay, then.
You closely miss the ogre.
The ogre is severely wounded.
The ogre hits you with a +0 giant club!!
You die...

#.. ########..
#........#
#........#
#........#
#........########
#...............)
#......<.@O#
#................
#.............#..
#........[.....#
#...[.....######
#########.. #...
#....


You could see an ogre.

Vanquished Creatures
  Sigmund (D:6)
  Eustachio (D:4)
  Menkaure (D:6)
  Duvessa (D:5)
  An ice beast (D:6)
  A black bear (D:5)
  2 centaurs (D:5)
  3 phantoms
  2 kobold brigands (D:5)
  Blork the orc (D:6)
  A bullfrog (D:6)
  3 scorpions
  Dowan (D:5)
  2 wights (D:5)
  4 hounds
  A jelly (D:5)
  2 orc priests (D:3)
  3 iguanas
  4 gnolls
  4 adders
  A white imp (D:6)
  An ufetubus (D:4)
  2 worms
  2 dart slugs
  11 orcs
  12 ball pythons
  4 bats (D:1)
  9 endoplasms
  7 giant cockroaches
  11 goblins
  10 hobgoblins
  15 kobolds
  4 quokkas
  5 frilled lizards
  8 rats
141 creatures vanquished.

Vanquished Creatures (collateral kills)
  3 wights (D:6)
3 creatures vanquished.

Grand Total: 144 creatures vanquished

Notes
Turn   | Place    | Note
-------+----------+-------------------------------------------
     0 | D:1      | purpskrrrp the Demigod Fighter began the quest for the Orb.
     0 | D:1      | Reached XP level 1. HP: 18/18 MP: 3/3
   225 | D:1      | Reached skill level 2 in Axes
   225 | D:1      | Reached XP level 2. HP: 1/25 MP: 4/4
  1223 | D:1      | Reached XP level 3. HP: 23/31 MP: 5/5
  1985 | D:2      | Got Gattus's Opusculum on the Tesseract and the Geologist
  2825 | D:3      | Reached XP level 4. HP: 38/38 MP: 6/6
  2873 | D:3      | Reached skill level 3 in Axes
  3024 | D:3      | Reached XP level 5. HP: 45/45 MP: 7/7
  3200 | D:3      | Found Neikhase's Armour Shoppe.
  4065 | D:4      | Reached skill level 4 in Axes
  4065 | D:4      | Reached XP level 6. HP: 47/52 MP: 8/8
  5206 | D:5      | Entered Level 5 of the Dungeon
  5288 | D:5      | Noticed Eustachio
  5980 | D:5      | Reached XP level 7. HP: 10/59 MP: 9/9
  6045 | D:5      | Reached skill level 5 in Axes
  6482 | D:5      | Noticed Dowan
  6483 | D:5      | Noticed Duvessa
  6522 | D:4      | Killed Eustachio
  6523 | D:4      | Reached skill level 1 in Dodging
  6529 | D:5      | Killed Dowan
  6668 | D:5      | Reached XP level 8. HP: 33/67 MP: 10/10
  7022 | D:5      | Killed Duvessa
  7023 | D:5      | Reached skill level 6 in Axes
  7443 | D:6      | Reached skill level 5 in Fighting
  7443 | D:6      | Reached skill level 5 in Shields
  7531 | D:6      | Reached skill level 5 in Armour
  7582 | D:6      | Noticed Blork the orc
  7599 | D:6      | Killed Blork the orc
  7703 | D:6      | Noticed Sigmund
  7717 | D:6      | Killed Sigmund
  8136 | D:6      | Noticed Menkaure
  8143 | D:6      | Killed Menkaure
  8422 | D:6      | Reached skill level 7 in Axes
  8797 | D:7      | Slain by an ogre

Illustrated notes

Levels and vault maps discovered:
D:1:      lemuel_arrival_cross, layout_loops_ring,
          shapermc_ecumenical_altar_venn, st_stairs_9, minmay_unequal
D:2:      kennysheep_big_flooded_room, layout_loops_corners,
          minmay_misc_feat_doors
D:3:      cheibrodos_pilgrimage, layout_rooms, serial_shops, shop,
          corexii_corridor_pit, grunt_ministairs_9
D:4:      layout_gridville, chequers_big_river
D:5:      layout_basic, mainiacjoe_overflow_brackets, kennysheep_mini_moat,
          minmay_manual_mares, uniq_duvessa, uniq_eustachio
D:6:      layout_cave_pools, nicolae_wu_jian_immortal_techniques, uniq_menkaure,
          uniq_sigmund, uniq_blork_the_orc
D:7:      minmay_skewed_foursquare, layout_rooms,
          grunt_temple_overflow_champion_of_chaos, serial_shops, shop,
          nicolae_diamond_shop, shop, nicolae_shop_advertising_works
          [nicolae_subvault_shop_adworks], nicolae_take_the_stairs

Skill      XL: |  1  2  3  4  5  6  7  8 |
---------------+-------------------------+-----
Axes           | 2 3 4 5 7 |  7.0
Fighting       | 3 4 5 |  5.4
Shields        | 3 4 5 |  5.4
Armour         | 3 4 5 |  5.4
Dodging        | 2 3 |  3.2

Action                   |  1- 3 |  4- 6 |  7- 9 || total
-------------------------+-------+-------+-------++-------
Melee: War axe           |   155 |   178 |   111 ||   444
Throw: Boomerang         |       |       |     6 ||     6
  Use: Scroll            |     2 |     6 |     4 ||    12
       Potion            |       |     6 |     2 ||     8
Armor: Scale mail        |    77 |    95 |    25 ||   197
       Skin              |       |    19 |       ||    19
       Leather armour    |       |       |    17 ||    17
Dodge: Dodged            |    84 |    82 |    52 ||   218
Block: Buckler           |    38 |    41 |    26 ||   105

Table legend: (Time is in decaauts)
 A = Elapsed time spent in this place.
 B = Non-inter-level travel time spent in this place.
 C = Inter-level travel time spent in this place.
 D = Time resting spent in this place.
 E = Time spent auto-exploring this place.
 F = Levels seen in this place.
 G = Mean time per level.
                   A        B        C        D        E       F      G
               +--------+--------+--------+--------+--------+-----+--------+
         Total |   8950 |   8583 |    367 |   2512 |   4814 |   7 | 1278.6 |
       Dungeon |   8950 |   8583 |    367 |   2512 |   4814 |   7 | 1278.6 |
               +--------+--------+--------+--------+--------+-----+--------+

Top non-repeatable levels by time:
     D:5: 2061 daAuts
     D:1: 1782 daAuts
     D:4: 1607 daAuts
     D:6: 1231 daAuts
     D:3: 1162 daAuts
     D:2: 1096 daAuts
     D:7: 8 daAuts
